 Dungeon Crawl Stone Soup version 0.21-a0-404-g291f19a (webtiles) character file.

35361 tin111 the Severer (level 13, -3/120 HPs)
             Began as a Minotaur Berserker on Oct 31, 2017.
             Was a High Priest of Trog.
             Killed by divine providence
             ... invoked by an orc priest
              (10 damage)
             ... on level 2 of the Orcish Mines.
             The game lasted 01:12:57 (19456 turns).

tin111 the Severer (Minotaur Berserker)            Turns: 19456, Time: 01:12:58

Health: -3/120     AC: 33    Str: 25    XL:     13   Next: 47%
Magic:  16/16      EV:  8    Int:  4    God:    Trog [*****.]
Gold:   1610       SH:  6    Dex: 14    Spells: 12/12 levels left

rFire    . . .     SeeInvis +   a - +2 broad axe (chaos)
rCold    . . .     Gourm    +   u - +1 buckler
rNeg     . . .     Faith    .   T - +0 plate armour
rPois    .         Spirit   .   (helmet unavailable)
rElec    .         Reflect  .   d - +2 cloak
rCorr    .         Harm     .   J - +2 pair of gloves
MR       +....                  j - +2 pair of boots
Stlth    ..........             Y - amulet of the gourmand
HPRegen  0.30/turn              q - +5 ring of protection
MPRegen  0.15/turn              D - ring of see invisible

@: no status effects
A: retaliatory headbutt, hooves 1, horns 3, icy blue scales 1, rugged brown
scales 1, magic resistance 1, strong 1, wild magic 1, evolution 1
a: Berserk, Trog's Hand, Brothers in Arms, Burn Spellbooks, Renounce Religion


You were on level 2 of the Orcish Mines.
You worshipped Trog.
Trog was extremely pleased with you.
You were completely stuffed.

You visited 3 branches of the dungeon, and saw 20 of its levels.
You also visited: Labyrinth.

You collected 1679 gold pieces.
You spent 69 gold pieces at shops.

Inventory:

Hand Weapons
 a - a +2 broad axe of chaos (weapon)
 s - a +3 executioner's axe of chopping
 v - the +12 glaive of Prune {chop}
   (You found it on level 4 of the Dungeon)

   It inflicts extra damage upon your enemies.
 U - a +2 fustibalus of freezing
Missiles
 i - 495 stones (quivered)
Armour
 d - a +2 cloak (worn)
 j - a +2 pair of boots (worn)
 u - a +1 buckler (worn)
 J - a +2 pair of gloves (worn)
 T - a +0 plate armour (worn)
Jewellery
 q - a +5 ring of protection (left hand)
 A - an uncursed ring of magical power
 B - a cursed amulet of inaccuracy {unknown}
 D - a ring of see invisible (right hand)
 F - an uncursed ring of stealth
 V - an uncursed ring of flight
 Y - an amulet of the gourmand (around neck)
Wands
 p - a wand of scattershot (3/9)
 G - a wand of flame (11/48)
 K - a wand of scattershot (0/9)
 M - a wand of polymorph (14/24)
 O - a wand of confusion (28/48)
 R - a wand of paralysis (6/24)
Scrolls
 b - 3 scrolls of fear
 k - 9 scrolls of teleportation
 l - 10 scrolls of remove curse
 m - 4 scrolls of recharging
 n - 2 scrolls of blinking
 r - 3 scrolls of immolation
 y - 5 scrolls of magic mapping
 E - a scroll of brand weapon
 L - 3 scrolls of enchant weapon {unknown}
 P - 2 scrolls of random uselessness {unknown}
 W - 2 scrolls of torment {unknown}
Potions
 e - a potion of resistance {unknown}
 h - 2 potions of flight
 o - 8 potions of curing
 t - 4 potions of mutation
 z - 6 potions of heal wounds
 C - 2 potions of agility {unknown}
 H - a potion of lignification {unknown}
 I - a potion of cancellation {unknown}
 N - 2 potions of brilliance {unknown}
 S - 3 potions of ambrosia {unknown}
Books
 Q - Zanesk's Almanac of Weightlessness and Companions
   (You found it in a labyrinth)

   Spells                             Type                      Level
   a - Shock                          Conjuration/Air              1
   b - Summon Small Mammal            Summoning                    1
   c - Summon Ice Beast               Ice/Summoning                4
   d - Freezing Cloud                 Conjuration/Ice/Air          6
   e - Malign Gateway                 Summoning/Translocation      7
   Trog disapproves of the use of such an item.
Comestibles
 c - 15 bread rations
 f - 8 royal jellies
 g - 10 meat rations
 w - 15 chunks of flesh
 x - a fruit


   Skills:
 + Level 11.9 Fighting
 + Level 18.6(18.8) Axes
 - Level 5.1(13.4) Polearms
 + Level 11.7 Armour
 - Level 2.1 Dodging
 - Level 4.5 Shields
 + Level 6.3 Evocations


You had 12 spell levels left.
You didn't know any spells.

Dungeon Overview and Level Annotations

Branches:
Dungeon (13/15)            Temple (0/1) D:6            Lair (5/6) D:9
  Swamp (0/4) Lair:4       Spider (0/4) Lair:3        Slime (0/5) Lair:5
    Orc (2/2) D:12            Elf (0/3) Orc:2        Vaults (0/5) D:13

Altars:
Ashenzari
Cheibriados
Dithmenos
Gozag
Hepliaklqana
Kikubaaqudgha
Makhleb
Nemelex Xobeh
Ru
Uskayaw
Vehumet
Zin
The Shining One

Shops:
D:4 ??:   D:8 }   D:11 [   D:12 %


Innate Abilities, Weirdness & Mutations

You reflexively headbutt those who attack you in melee.
You have a pair of large horns on your head.
You have large cloven feet.
You are partially covered in icy blue scales. (AC +2)
You are partially covered in rugged brown scales. (AC +1, +3% HP)
You are resistant to hostile enchantments. (MR+)
Your muscles are strong. (Str +2)
Your spells are a little harder to cast, but a little more powerful.
You evolve.


Message History

Beogh smites you!
* * * LOW HITPOINT WARNING * * *
The orc high priest utters an invocation to Beogh.
The orc no longer looks unusually strong.
The orc knight roars a battlecry!
The orc goes into a battle-frenzy!
The orc warrior no longer looks unusually strong.
The orc priest no longer looks unusually strong.
The orc priest looks satisfied for a moment.
The orc knight roars a battlecry!
The orcs go into a battle-frenzy!
The orc no longer looks unusually strong.
The orc priest calls down the wrath of Beogh upon you.
Beogh smites you!
* * * LOW HITPOINT WARNING * * *
The orc knight roars a battlecry!
The orc goes into a battle-frenzy!
The orc priest invokes the aid of Beogh against you.
Beogh smites you!
You die...

..........#...## #..............
..............# ##.#..........#
..............# ####.........#
.....>.......#### ###..........
...)..........#.## ##.##........#
.4.)...[.........###............#
..o.))#))...((..###(.......#.....
..oo.).3....##.(####(......##....
....(......#o))o@)#..(..####.....
.........o44.).)#)..).(..##......
............o.###..<.....###.....
....).....ooo## ###........#.....
...))........# ##.....).......
............## ###.....#.....
...........#.## ##...........
..............# #...........#
.............## ##.#.......##


You could see an orc knight, an orc high priest, 2 chaos spawn, an orc warrior,
2 orc priests and 2 orcs.

Vanquished Creatures
  Snorg (Orc:2)
  A minotaur (Lab)
  2 hydras
  2 vault guards
  6 two-headed ogres
  An unseen horror (D:11)
  A deep elf mage (D:10)
  3 orc knights
  An orc sorcerer (Orc:1)
  2 oklob plants
  6 spiny frogs
  3 komodo dragons
  3 trolls
  A minotaur zombie (Lab)
  10 hippogriffs
  A vampire (D:13)
  A shadow (Lab)
  14 yaks
  A redback (Lab)
  A tarantella (Lair:3)
  A wyvern (D:12)
  3 hungry ghosts
  4 vampire mosquitoes (Lair:4)
  4 wargs
  8 water moccasins
  4 porcupines
  16 orc warriors
  9 ice beasts
  3 sky beasts
  A black bear (D:8)
  2 necrophages
  3 phantoms
  A boggart (Orc:2)
  14 ogres
  5 wolves (Lair:2)
  9 centaurs
  3 big kobolds
  6 crocodiles
  17 bullfrogs
  7 scorpions
  3 killer bees (D:10)
  2 water moccasin skeletons
  2 howler monkeys
  5 wights (D:12)
  5 electric eels
  3 crimson imps
  3 bullfrog zombies
  2 centaur zombies
  10 jellies
  19 orc priests
  7 hounds
  18 orc wizards
  Jessica (D:3)
  2 bullfrog skeletons
  5 iguanas
  9 worker ants
  A hound skeleton (D:7)
  8 gnolls
  A howler monkey skeleton (D:8)
  13 adders
  6 shadow imps
  16 oozes (Lair:5)
  An adder zombie (D:9)
  5 worms
  3 dart slugs
  8 leopard geckos
  84 orcs
  7 bats
  5 giant cockroaches
  8 goblins
  12 hobgoblins
  18 jackals
  4 quokkas
  A ball python (D:2)
  6 frilled lizards
  25 kobolds
  13 rats
  5 fungi (Lair:5)
  A plant (Lair:2)
528 creatures vanquished.

Vanquished Creatures (collateral kills)
  A vault guard (D:13)
  2 hydras
  A manticore (D:12)
  5 yaks (Lair:5)
  A basilisk (Lair:2)
  A hungry ghost (D:10)
  A porcupine (Lair:5)
  A centaur (D:10)
  A crocodile (Lair:2)
  2 bullfrogs
  2 killer bees (D:10)
  A shadow imp (D:10)
19 creatures vanquished.

Vanquished Creatures (others)
  An electric eel (Lair:4)
  An adder skeleton (D:6)
  A jackal (D:6)
  6 fungi (Lair:5)
9 creatures vanquished.

Grand Total: 556 creatures vanquished

Notes
Turn   | Place    | Note
-------+----------+-------------------------------------------
     0 | D:1      | tin111 the Minotaur Berserker began the quest for the Orb.
     0 | D:1      | Reached XP level 1. HP: 19/19 MP: 0/0
    60 | D:1      | Reached skill level 4 in Axes
    67 | D:1      | Reached XP level 2. HP: 13/26 MP: 1/1
   484 | D:1      | Reached skill level 5 in Axes
   484 | D:1      | Reached XP level 3. HP: 31/31 MP: 2/2
   759 | D:1      | Reached ** piety under Trog
  1376 | D:2      | HP: 1/31 [poisoned by an adder]
  1587 | D:2      | Reached XP level 4. HP: 36/39 MP: 3/3
  1589 | D:2      | Reached skill level 6 in Axes
  1688 | D:2      | Found a shattered altar of Ashenzari.
  1688 | D:2      | Found an ancient bone altar of Kikubaaqudgha.
  1701 | D:2      | Found a glowing silver altar of Zin.
  1812 | D:2      | Found a hazy altar of Hepliaklqana.
  1812 | D:2      | Found a burning altar of Makhleb.
  1813 | D:2      | Found a glowing golden altar of the Shining One.
  2177 | D:3      | Reached XP level 5. HP: 17/45 MP: 4/4
  2408 | D:3      | Reached skill level 7 in Axes
  2522 | D:3      | Noticed Jessica
  2550 | D:3      | Reached *** piety under Trog
  2556 | D:3      | Killed Jessica
  2600 | D:3      | Reached skill level 8 in Axes
  2601 | D:3      | Reached XP level 6. HP: 44/51 MP: 5/5
  2681 | D:3      | Reached skill level 1 in Shields
  2723 | D:3      | Found a snail-covered altar of Cheibriados.
  3378 | D:4      | Reached **** piety under Trog
  3411 | D:4      | Found Nudajetits's Magic Scroll Shop.
  3414 | D:4      | Found the +12 glaive of Prune {chop}
  3417 | D:4      | Bought a scroll of identify for 20 gold pieces
  3444 | D:4      | Found Iferoul's Magic Scroll Shop.
  3447 | D:4      | Bought a scroll of magic mapping for 49 gold pieces
  3623 | D:4      | Found Odghut's Book Boutique.
  3704 | D:4      | Reached skill level 9 in Axes
  3704 | D:4      | Reached XP level 7. HP: 57/57 MP: 6/6
  3964 | D:5      | Entered Level 5 of the Dungeon
  4059 | D:5      | Reached skill level 10 in Axes
  4094 | D:5      | Found a shadowy altar of Dithmenos.
  4118 | D:5      | Found a sacrificial altar of Ru.
  4134 | D:5      | Reached XP level 8. HP: 59/64 MP: 7/7
  4171 | D:5      | Reached skill level 11 in Axes
  4662 | D:5      | Reached skill level 12 in Axes
  5533 | D:6      | Reached skill level 13 in Axes
  5569 | D:6      | Reached XP level 9. HP: 70/70 MP: 8/8
  5700 | D:6      | Found a staircase to the Ecumenical Temple.
  6013 | D:7      | Reached ***** piety under Trog
  6482 | D:7      | Reached skill level 1 in Polearms
  6640 | D:7      | Found an opulent altar of Gozag.
  6808 | D:8      | Received a gift from Trog
  6808 | D:8      | Reached skill level 14 in Axes
  6838 | D:8      | Noticed a two-headed ogre
  6846 | D:8      | Killed a two-headed ogre
  6906 | D:8      | Reached skill level 5 in Polearms
  7011 | D:8      | Reached skill level 15 in Axes
  7152 | D:8      | Reached XP level 10. HP: 77/77 MP: 9/9
  7194 | D:8      | Found a radiant altar of Vehumet.
  7262 | D:8      | Found Okentamp's Gadget Shop.
  7281 | D:8      | Found a shattered altar of Ashenzari.
  7340 | D:8      | Noticed a two-headed ogre
  7348 | D:8      | Killed a two-headed ogre
  7790 | D:9      | Found a hide-covered altar of Uskayaw.
  7822 | D:9      | Found a staircase to the Lair.
  7858 | D:9      | Reached skill level 1 in Evocations
  7992 | D:9      | Noticed a two-headed ogre
  7996 | D:9      | Noticed a two-headed ogre
  8000 | D:9      | Killed a two-headed ogre
  8000 | D:9      | Reached skill level 16 in Axes
  8005 | D:9      | Killed a two-headed ogre
  8005 | D:9      | Reached skill level 5 in Fighting
  8289 | D:9      | Noticed a two-headed ogre
  8298 | D:9      | Killed a two-headed ogre
  8298 | D:9      | Reached skill level 5 in Armour
  8348 | D:9      | Reached XP level 11. HP: 87/89 MP: 12/12
  8624 | D:10     | Entered Level 10 of the Dungeon
  8650 | D:10     | Noticed a deep elf mage
  9120 | Lair:1   | Entered Level 1 of the Lair of Beasts
 10044 | Lair:1   | Noticed a seven-headed hydra
 10053 | Lair:1   | Killed a seven-headed hydra
 10211 | Lair:1   | Received a gift from Trog
 10780 | Lair:2   | Noticed an oklob plant
 10795 | Lair:2   | Killed an oklob plant
 10904 | Lair:2   | Reached skill level 5 in Evocations
 11003 | Lair:2   | Found a sparkling altar of Nemelex Xobeh.
 11572 | Lair:3   | Reached skill level 17 in Axes
 11625 | Lair:3   | Found a hole to the Spider Nest.
 12236 | Lair:4   | Noticed a five-headed hydra
 12248 | Lair:4   | Killed a seven-headed hydra
 12462 | Lair:4   | Got a twisted flail
 12463 | Lair:4   | Identified the +3 flail of Makhleb's Condemnation {distort, Fragile rElec Int+4 Stlth+} (You found it on level 4 of the Lair of Beasts)
 12586 | Lair:4   | Reached XP level 12. HP: 86/103 MP: 15/15
 12669 | Lair:4   | Found a staircase to the Swamp.
 13786 | Lair:5   | Found a staircase to the Slime Pits.
 14097 | Lair:5   | Received a gift from Trog
 15824 | D:11     | Reached skill level 10 in Fighting
 16329 | D:11     | Found Zasogec's Armour Boutique.
 16468 | D:12     | Received a gift from Trog
 16474 | D:12     | Reached skill level 10 in Armour
 16534 | D:12     | Noticed a two-headed ogre
 16541 | D:12     | Killed a two-headed ogre
 16687 | D:12     | Gained mutation: You evolve. [mutagenic meat]
 16688 | D:12     | Gained mutation: You are partially covered in rugged brown scales. (AC +1, +3% HP) [mutagenic meat]
 16689 | D:12     | Gained mutation: You have a pair of large horns on your head. [mutagenic meat]
 16690 | D:12     | Gained mutation: Your spells are a little harder to cast, but a little more powerful. [mutagenic meat]
 16732 | D:12     | Reached skill level 18 in Axes
 16829 | D:12     | Gained mutation: You are resistant to hostile enchantments. (MR+) [evolution]
 16858 | D:12     | Found a staircase to the Orcish Mines.
 16919 | D:12     | Found Toqy's Food Boutique.
 17151 | D:12     | Gained mutation: You have large cloven feet. [mutagenic meat]
 17154 | D:12     | Gained mutation: Your muscles are strong. (Str +2) [mutagenic meat]
 17155 | D:12     | Gained mutation: You are partially covered in icy blue scales. (AC +2) [mutagenic meat]
 17367 | D:13     | Found a labyrinth entrance.
 17373 | Lab      | Entered a labyrinth
 17682 | Lab      | Noticed a minotaur
 17691 | Lab      | Killed a minotaur
 17753 | Lab      | Identified Zanesk's Almanac of Weightlessness and Companions
 17794 | D:13     | Reached XP level 13. HP: 115/118 MP: 16/16
 17813 | D:13     | Found a gate to the Vaults.
 18128 | Orc:1    | Entered Level 1 of the Orcish Mines
 18305 | Orc:2    | Entered Level 2 of the Orcish Mines
 18600 | Orc:2    | Noticed Snorg
 18618 | Orc:2    | Killed Snorg
 18637 | Orc:2    | Found a staircase to the Elven Halls.
 19454 | Orc:2    | HP: 6/120 [orc priest/divine providence (9)]
 19456 | Orc:2    | Killed from afar by an orc priest

Vault maps used:
D:1:      minmay_arrival_split_and_join, chequers_big_river, st_stairs_10
D:2:      gammafunk_temple_overflow_claw, zin_academy,
          gammafunk_temple_overflow_elements, first_bread
D:3:      kennysheep_slug_shrine, uniq_jessica
D:4:      serial_shops, kennysheep_mini_moat, shop, shop
D:5:      hangedman_ru_absence, basic_altar
D:6:      lemuel_temple_firewalk_b, grunt_ministairs_2
D:7:      lemuel_coloured_pillars_altar
D:8:      vehumet_crystals, serial_shops, shop, cheibrodos_ashenzari_chains
D:9:      overflow_temple_1_default, dpeg_oklobed_lair, minivault_5
D:10:     hangedman_stone_soup
D:11:     serial_shops, nicolae_shop_temple_entry_statues_fountains,
          hangedman_decor_points
D:12:     orc_0_dummy, serial_shops, kennysheep_mini, moated_statue
D:13:     lightli_vaults_fourway_checkpoint, lab_entry_generic
Lair:1:   wad_woods_structure_01
Lair:2:   basic_altar, nicolae_quartered_pool_super, grunt_forest_stairs_basic,
          minmay_lair_oklob_items, minmay_holes
Lair:3:   spider_nest_entry_rubble
Lair:4:   minmay_swamp_entry_swarm, st_stairs_3, wad_woods_river_02
Lair:5:   lemuel_slime, nicolae_slime_entry_slimehenge, beast_lair_carwin_3
Orc:1:    serial_shops, nicolae_shop_temple_entry_statues_fountains
Orc:2:    st_orc_pillars, uniq_snorg
Lab:      labyrinth_hidden_loot, nicolae_lab_x, nicolae_lab_stuck,
          nicolae_lab_lava, labyrinth_skeletal_remains, nicolae_lab_blocks,
          nicolae_lab_diamond

Skill      XL: |  1  2  3  4  5  6  7  8  9 10 11 12 13 |
---------------+----------------------------------------+-----
Axes           | 4 5 6 8 9 10 13 15 16 17 18 | 18.6
Shields        | 3 4 |  4.5
Polearms       | 5 |  5.1
Fighting       | 5 8 10 11 | 11.9
Armour         | 5 8 10 11 | 11.7
Evocations     | 3 5 6 |  6.3
Dodging        | |  2.1

Action                   |  1- 3 |  4- 6 |  7- 9 | 10-12 | 13-15 || total
-------------------------+-------+-------+-------+-------+-------++-------
Melee: Hand axe          |    78 |   150 |       |       |       ||   228
       Headbutt          |    10 |    21 |    55 |   145 |    51 ||   282
       War axe           |       |       |   310 |   224 |       ||   534
       Rapier            |       |       |     5 |       |       ||     5
       Broad axe         |       |       |       |   379 |   180 ||   559
       Flail             |       |       |       |    39 |       ||    39
Throw: Stone             |     2 |       |       |       |       ||     2
Invok: Berserk           |     1 |     4 |     3 |     9 |     2 ||    19
       Brothers in Arms  |       |       |       |     7 |     1 ||     8
       Trog's Hand       |       |       |       |     1 |     1 ||     2
Evoke: Wand              |       |       |       |     8 |     2 ||    10
       Lightning rod     |       |       |       |     2 |       ||     2
       Sack of spiders   |       |       |       |     2 |       ||     2
       Lamp of fire      |       |       |       |     1 |       ||     1
  Use: Potion            |     2 |       |       |       |       ||     2
       Scroll            |       |     2 |     3 |    19 |     5 ||    29
 Stab: Sleeping          |       |     1 |       |       |       ||     1
       Paralysed         |       |       |       |       |     4 ||     4
  Eat: Fruit             |     2 |     1 |       |     6 |       ||     9
       Chunk             |     1 |     5 |    15 |    47 |    13 ||    81
       Bread ration      |       |     1 |       |       |       ||     1
       Meat ration       |       |       |       |     3 |       ||     3
Armor: Animal skin       |    18 |    46 |     5 |       |       ||    69
       Chain mail        |       |       |   141 |   226 |       ||   367
       Plate armour      |       |       |       |   122 |   172 ||   294
Dodge: Dodged            |    55 |    87 |    89 |   193 |    82 ||   506
Block: Buckler           |       |     9 |    50 |    88 |    59 ||   206

Table legend:
 A = Spawn XP
 B = Non-spawn XP
 C = Spawn XP percentage of total XP
 D = Spawn monster count
 E = Non-spawn monster count
 F = Spawn count percentage of total count
 G = Total turns spent on level
                    A         B        C        D         E        F      G
               +---------+---------+-------+---------+---------+-------+---------
         Total |       0 |   50517 |   0.0 |       0 |     542 |   0.0 | 19456
               +---------+---------+-------+---------+---------+-------+---------
           D:1 |       0 |      66 |   0.0 |       0 |      31 |   0.0 |  1318
           D:2 |       0 |      61 |   0.0 |       0 |      22 |   0.0 |   811
           D:3 |       0 |     374 |   0.0 |       0 |      44 |   0.0 |  1064
           D:4 |       0 |     399 |   0.0 |       0 |      16 |   0.0 |   771
           D:5 |       0 |    1207 |   0.0 |       0 |      28 |   0.0 |   920
           D:6 |       0 |     827 |   0.0 |       0 |      22 |   0.0 |  1123
           D:7 |       0 |     655 |   0.0 |       0 |      26 |   0.0 |   798
           D:8 |       0 |    3293 |   0.0 |       0 |      24 |   0.0 |   842
           D:9 |       0 |    4144 |   0.0 |       0 |      22 |   0.0 |  1618
          D:10 |       0 |    1771 |   0.0 |       0 |      25 |   0.0 |  1176
          D:11 |       0 |    1567 |   0.0 |       0 |      10 |   0.0 |   691
          D:12 |       0 |    7240 |   0.0 |       0 |      54 |   0.0 |  1146
          D:13 |       0 |    2540 |   0.0 |       0 |       9 |   0.0 |   190
        Lair:1 |       0 |    4277 |   0.0 |       0 |      22 |   0.0 |   950
        Lair:2 |       0 |    2987 |   0.0 |       0 |      20 |   0.0 |   955
        Lair:3 |       0 |     954 |   0.0 |       0 |       5 |   0.0 |   623
        Lair:4 |       0 |    3205 |   0.0 |       0 |      17 |   0.0 |  1063
        Lair:5 |       0 |    5747 |   0.0 |       0 |      46 |   0.0 |  1698
         Orc:1 |       0 |    2004 |   0.0 |       0 |      16 |   0.0 |   165
         Orc:2 |       0 |    5020 |   0.0 |       0 |      77 |   0.0 |  1149
           Lab |       0 |    2179 |   0.0 |       0 |       6 |   0.0 |   385
               +---------+---------+-------+---------+---------+-------+---------
